 Dungeon Crawl Stone Soup version 0.22-a0-603-gfc1114d (webtiles) character file.

574 Amnesiac the Conjurer (level 7, -6/36 HPs)
             Began as a Deep Elf Wizard on July 7, 2018.
             Killed from afar by an orc wizard (12 damage)
             ... with a puff of flame
             ... on level 4 of the Dungeon.
             The game lasted 00:05:03 (2590 turns).

Amnesiac the Conjurer (Deep Elf Wizard)             Turns: 2590, Time: 00:05:03

Health: -6/36      AC:  3    Str:  4    XL:     7   Next: 12%
Magic:  15/17      EV: 13    Int: 25    God:
Gold:   166        SH:  3    Dex: 13    Spells: 6/17 levels left

rFire    . . .     SeeInvis .   b - +3 hunting sling (freeze)
rCold    . . .     Gourm    .   (no shield)
rNeg     . . .     Faith    .   a - +0 robe
rPois    .         Spirit   .   (no helmet)
rElec    .         Reflect  +   o - +0 cloak
rCorr    .         Harm     .   (no gloves)
MR       .....                  (no boots)
Stlth    ++........             u - +3 amulet of reflection
HPRegen  0.12/turn              (no ring)
MPRegen  0.15/turn              (no ring)

@: no status effects
A: no striking features
a: no special abilities


You were on level 4 of the Dungeon.
You were not hungry.

You visited 2 branches of the dungeon, and saw 5 of its levels.

You collected 166 gold pieces.

Inventory:

Hand Weapons
 b - a +3 hunting sling of freezing (weapon)
 h - a +0 trident of protection
Missiles
 f - 145 stones
 k - 16 sling bullets (quivered)
Armour
 a - a +0 robe (worn)
 o - a +0 cloak (worn)
Jewellery
 u - a +3 amulet of reflection (around neck)
Wands
 v - a wand of acid (10)
Scrolls
 c - a scroll of blinking {!r, unknown}
 i - 3 scrolls of identify {!r}
 l - 3 scrolls of remove curse {!r, unknown}
 s - a scroll of enchant armour {!r, unknown}
 t - 3 scrolls of amnesia {!r, unknown}
 w - a scroll of teleportation {!r}
Potions
 e - a potion of invisibility {!q, unknown}
 g - 2 potions of flight {!q, unknown}
 j - a potion of lignification {!q, unknown}
 m - a potion of degeneration {!q, unknown}
 n - 2 potions of heal wounds {!q, unknown}
 p - 2 potions of curing {!q}
 q - a potion of haste {!q}
 r - a potion of cancellation {!q}
Comestibles
 d - 9 rations
 x - a chunk of flesh


   Skills:
 - Level 2.4 Dodging
 - Level 2.4 Stealth
 + Level 5.9 Spellcasting
 * Level 7.7 Conjurations
 - Level 1.1 Summonings
 - Level 1.1 Translocations


You had 6 spell levels left.
You knew the following spells:

 Your Spells              Type           Power        Failure   Level  Hunger
a - Magic Dart            Conj           ####         1%          1    None
b - Call Imp              Summ           ##......     7%          2    None
e - Mephitic Cloud        Conj/Pois/Air  ###.....     8%          3    #......
s - Conjure Flame         Conj/Fire      ####....     4%          3    #......
v - Blink                 Tloc           N/A          7%          2    None

Your spell library contained the following spells:

 Spells                   Type           Power        Failure   Level  Hunger
 Slow                     Hex            #.......     12%         2    None


Dungeon Overview and Level Annotations

Branches:
Dungeon (4/15)             Temple (1/1) D:4

Altars:
Ashenzari
Cheibriados
Dithmenos
Elyvilon
Fedhas
Hepliaklqana
Kikubaaqudgha
Nemelex Xobeh
Okawaru
Ru
Trog
Uskayaw
Xom
Yredelemnul
The Shining One


Message History

Aim: an orc, wielding a flail and wearing a ring mail You shoot a sling bullet.
The sling bullet hits the orc.
The sling bullet freezes the orc.
The orc is heavily wounded.
The orc barely misses you.
The orc wizard miscasts a cantrip.
Firing (i - inventory. (/) - cycle)
k - 23 sling bullets (quivered)
Press: ? - help, Shift-Dir - straight line, f/p - orc
Aim: an orc, wielding a flail and wearing a ring mail (heavily wounded)
You shoot a sling bullet. The sling bullet hits the orc!
The sling bullet freezes the orc.
You kill the orc!
The orc wizard points at you and mumbles some strange words.
The puff of flame misses you.
Firing (i - inventory. (/) - cycle)
k - 22 sling bullets (quivered)
Press: ? - help, Shift-Dir - straight line, f - orc wizard
Aim: an orc wizard, wielding a dagger and wearing a robe You shoot a sling bullet.
The sling bullet hits the orc wizard.
The sling bullet freezes the orc wizard.
The orc wizard is lightly wounded.
The orc wizard looks encouraged for a moment.
The orc wizard casts a cantrip, but nothing happens.
Found a ration.
Firing (i - inventory. (/) - cycle)
k - 21 sling bullets (quivered)
Press: ? - help, Shift-Dir - straight line, f/p - orc wizard
Aim: an orc wizard, wielding a dagger and wearing a robe (lightly wounded)
You shoot a sling bullet.
The sling bullet closely misses the orc wizard.
The orc wizard casts a spell at you. The puff of frost hits you!
Firing (i - inventory. (/) - cycle)
k - 20 sling bullets (quivered)
Press: ? - help, Shift-Dir - straight line, f/p - orc wizard
Aim: an orc wizard, wielding a dagger and wearing a robe (lightly wounded)
You shoot a sling bullet. The sling bullet misses the orc wizard.
Firing (i - inventory. (/) - cycle)
k - 19 sling bullets (quivered)
Press: ? - help, Shift-Dir - straight line, f/p - orc wizard
Aim: an orc wizard, wielding a dagger and wearing a robe (lightly wounded)
You shoot a sling bullet.
The sling bullet barely misses the orc wizard.
The orc wizard points at you and mumbles some strange words.
The puff of flame hits you!
* * * LOW HITPOINT WARNING * * *
Firing (i - inventory. (/) - cycle)
k - 18 sling bullets (quivered)
Press: ? - help, Shift-Dir - straight line, f/p - orc wizard
Aim: an orc wizard, wielding a dagger and wearing a robe (lightly wounded)
You shoot a sling bullet. The sling bullet hits the orc wizard.
The sling bullet freezes the orc wizard.
The orc wizard is moderately wounded.
You block the orc wizard's attack.
Firing (i - inventory. (/) - cycle)
k - 17 sling bullets (quivered)
Press: ? - help, Shift-Dir - straight line, f/p - orc wizard
Aim: an orc wizard, wielding a dagger and wearing a robe (moderately wounded)
You shoot a sling bullet.
The sling bullet barely misses the orc wizard.
The orc wizard casts a spell at you. The magic dart hits you!
* * * LOW HITPOINT WARNING * * *
You are too injured to fight recklessly!
Casting: Conjure Flame (safe; 4% risk of failure)
Confirm with . or Enter, or press ? or * to list all spells.
A metallic apparition takes form in the air.
The orc wizard gestures at you while chanting.
The puff of flame hits you!
You die...

#.......>............
#.#####.##...#...#...
#.# #.##...#.⌠.#... #.#
#.##.###...###. #.#
#.##...........
##.#####.##..⌠..>..⌠..
#........##...........
#.#.########.###...###.
##(o@.# #.⌠(# ..
#)###<# #...# .. #(( 5#
...... .. #.. ..
......## . #(. %..
####### (). .... ##(#
##..# #. ...


You could see an orc wizard and a friendly iron imp.

Vanquished Creatures
  Sigmund (D:2)
  An ogre (D:4)
  A centaur skeleton (D:4)
  3 orc wizards
  A worker ant (D:4)
  8 adders
  2 oozes
  3 worms (D:3)
  5 leopard geckos
  11 orcs
  6 giant cockroaches
  11 goblins
  8 hobgoblins
  15 kobolds
  2 quokkas
  A ball python (D:3)
  6 bats
  13 frilled lizards
  9 rats
107 creatures vanquished.

Notes
Turn   | Place    | Note
-------+----------+-------------------------------------------
     0 | D:1      | Amnesiac the Deep Elf Wizard began the quest for the Orb.
     0 | D:1      | Reached XP level 1. HP: 10/10 MP: 7/7
   146 | D:1      | Reached skill level 2 in Conjurations
   152 | D:1      | Reached XP level 2. HP: 15/15 MP: 2/9
   252 | D:2      | Learned a level 2 spell: Blink
   255 | D:2      | Learned a level 2 spell: Call Imp
   401 | D:2      | Reached skill level 3 in Conjurations
   401 | D:2      | Reached XP level 3. HP: 19/19 MP: 4/11
   406 | D:2      | Learned a level 3 spell: Conjure Flame
   410 | D:2      | Learned a level 3 spell: Mephitic Cloud
   454 | D:2      | Noticed Sigmund
   663 | D:1      | Reached skill level 4 in Conjurations
  1125 | D:2      | Killed Sigmund
  1125 | D:2      | Reached skill level 6 in Conjurations
  1125 | D:2      | Reached XP level 4. HP: 24/24 MP: 5/12
  1125 | D:2      | Reached XP level 5. HP: 28/28 MP: 5/13
  1239 | D:2      | Found a blossoming altar of Fedhas.
  1608 | D:3      | Reached XP level 6. HP: 32/32 MP: 15/15
  1856 | D:3      | Reached skill level 5 in Spellcasting
  2071 | D:3      | Reached skill level 7 in Conjurations
  2390 | D:4      | Found a white marble altar of Elyvilon.
  2415 | D:4      | Reached XP level 7. HP: 36/36 MP: 17/17
  2442 | D:4      | Found a staircase to the Ecumenical Temple.
  2451 | Temple   | Entered the Ecumenical Temple
  2590 | D:4      | Killed from afar by an orc wizard

Vault maps used:
D:1:      dpeg_arrival_simpleton_c, supply_closet_lemuel, minmay_lizard_pond
D:2:      fedhas_altar_1, minmay_pentomino_z2, uniq_sigmund
D:4:      kennysheep_mini, makhleb_blood_cavern_becter, lemuel_doored_altar,
          minmay_temple_entry_junction_2, first_ration, uniq_eustachio,
          uniq_crazy_yiuf_cottage, uniq_robin
Temple:   cyrus_circular_temple

Skill      XL: |  1  2  3  4  5  6 |
---------------+-------------------+-----
Conjurations   | 2 3 6 7 |  7.7
Spellcasting   | 5 |  5.9
Dodging        | |  2.4
Stealth        | |  2.4
Summonings     | |  1.1
Translocations | |  1.1

Action                   |  1- 3 |  4- 6 |  7- 9 || total
-------------------------+-------+-------+-------++-------
 Fire: Hunting sling     |    29 |   118 |    37 ||   184
 Cast: Magic Dart        |    75 |    11 |       ||    86
       Mephitic Cloud    |     3 |       |       ||     3
       Conjure Flame     |       |     1 |       ||     1
       Call Imp          |       |       |     1 ||     1
  Use: Scroll            |       |     6 |       ||     6
  Eat: Chunk             |       |     5 |       ||     5
Armor: Robe              |     9 |     3 |       ||    12
Dodge: Dodged            |    55 |     6 |     7 ||    68
Block: Other             |       |     1 |     1 ||     2

Table legend:
 A = Spawn XP
 B = Non-spawn XP
 C = Spawn XP percentage of total XP
 D = Spawn monster count
 E = Non-spawn monster count
 F = Spawn count percentage of total count
 G = Total turns spent on level
                    A         B        C        D         E        F      G
               +---------+---------+-------+---------+---------+-------+---------
         Total |       0 |     821 |   0.0 |       0 |     107 |   0.0 |  2590
               +---------+---------+-------+---------+---------+-------+---------
           D:1 |       0 |      49 |   0.0 |       0 |      34 |   0.0 |   739
           D:2 |       0 |     300 |   0.0 |       0 |      24 |   0.0 |   767
           D:3 |       0 |     196 |   0.0 |       0 |      38 |   0.0 |   670
           D:4 |       0 |     276 |   0.0 |       0 |      11 |   0.0 |   370
               +---------+---------+-------+---------+---------+-------+---------
